[Event "Late-Titled-Tuesday-Blitz-January-16-2024"]
[Site "Chess.com"]
[Date "2024.01.16"]
[Round "1"]
[White "gxbg2000"]
[Black "DishonorOnYourCow"]
[Result "0-1"]
[WhiteElo "2083"]
[BlackElo "2554"]
[TimeControl "180+1"]
[EndTime "14:07:12 PST"]
[Termination "DishonorOnYourCow won by resignation"]

1. e4 c5 2. Nf3 d6 3. d4 cxd4 4.
Nxd4 Nf6 5. Nc3 a6 6. Be3 Ng4 7. Qf3 Nxe3 8. Qxe3 e6 9. Be2 Be7 10. O-O O-O 11. Rad1 Qc7 12. Bd3 Nc6 13. Nxc6 bxc6 14.
b3 Bf6 15. Ne2 c5 16. Bc4 Bb7 17. Ng3 Rfd8 18. Nh5 Be7 19. Rfe1 Bf8 20. f4 d5 21. exd5 exd5 22. Bf1 c4 23. Qe5 Qb6+ 24. Kh1 Qg6 25. Rd2 Re8 26. Qxe8 Rxe8 27. Rxe8 Qxh5 28. bxc4 dxc4 29.
Bxc4 Qg4 30. h3 Qxh3+ 31. Kg1 Qg3 32. Bf1 Bc6 33. Rc8 Qe3+ 34. Rf2 Bd7 35. Rd8 Be6 36. Bd3 g6 37. f5 Bxf5 38. Bxf5 gxf5 39. Kf1 Kg7 40.
Re2 Qc1+ 41. Kf2 Bc5+ 42. Kf3 Qf1+ 43. Kg3 Qxe2 0-1

[Event "Late-Titled-Tuesday-Blitz-January-16-2024"]
[Site "Chess.com"]
[Date "2024.01.16"]
[Round "1"]
[White "VerdeNotte"]
[Black "LastHeroJr"]
[Result "1-0"]
[WhiteElo "2877"]
[BlackElo "2471"]
[TimeControl "180+1"]
[EndTime "14:07:13 PST"]
[Termination "VerdeNotte won by resignation"]

1. Nf3 Nf6 2. g3 g6 3. b3 Bg7 4. Bb2 O-O 5. Bg2 d6 6. d4 c5 7. dxc5 Qa5+ 8. Nbd2 Qxc5 9. O-O Nc6 10. Bxf6 Bxf6 11.
Ne4 Qf5 12. Nxf6+ Qxf6 13. c4 Be6 14. Qd2 Rfd8 15. Rac1 d5 16. Qh6 Qg7 17. Qxg7+ Kxg7 18. Ng5 Nd4 19. Nxe6+ fxe6 20. Rfe1 Rac8 21. e3 Nc6 22. Bh3 Kf6 23. cxd5 Rxd5 24. Rc4 g5 25. f4 Rcd8 26. fxg5+ Kxg5 27. Bxe6 Rd2 28. Rf1 Rxa2 29. Rg4+ Kh6 30. Rh4+ Kg5 31. Rxh7 Rdd2 32. h4+ Kg6 33.
Bf5+ Kf6 34. Bb1+ Ke6 35. Bxa2 Rxa2 36. Rh6+ Kd7 37. Rf2 Ra3 38. Rg6 Ne5 39. Rg5 Ke6 40. h5 Rxb3 41. h6 Rb1+ 42. Kg2 Nd3 43. h7 Ne1+ 1-0

[Event "Late-Titled-Tuesday-Blitz-January-16-2024"]
[Site "Chess.com"]
[Date "2024.01.16"]
[Round "1"]
[White "Rikikits"]
[Black "JG-17"]
[Result "1/2-1/2"]
[WhiteElo "2825"]
[BlackElo "2466"]
[TimeControl "180+1"]
[EndTime "14:07:13 PST"]
[Termination "Game drawn by repetition"]

1. d4 d5 2. c4 e6 3. Nc3 c6 4. Nf3 Nf6 5. e3 Nbd7 6. Bd3 Bd6 7. O-O O-O 8. b3 b6 9. e4 dxe4 10. Bxe4 Nxe4 11. Nxe4 Be7 12. Qc2 Nf6 13. Nxf6+ Bxf6 14. Ba3 Re8 15. Rad1 Bb7 16. Rfe1 Qc7 17. c5 Rad8 18. Ne5 Bxe5 19. dxe5 Rd5 20. Rxd5 cxd5 21. Qc3 bxc5 22. Bxc5 Rc8 23. b4 a5 24. a3 axb4 25. axb4 Qc6 26. Qd4 Ra8 27. h4 Ra2 28. Re3 Qa6 29. Rg3 Ra1+ 30.
Kh2 Qf1 31. Kh3 h5 32. Rg5 Ra3+ 33. Kh2 Ra1 34. Qf4 d4 35. Rxg7+ Kxg7 36. Qf6+ Kg8 37. Qg5+ Kh7 38. Qxh5+ Kg7 39. Qg5+ Kh7 40. Qh5+ Kg7 41. Qg4+ Kh7 42. Qh5+ 1/2-1/2

[Event "Late-Titled-Tuesday-Blitz-January-16-2024"]
[Site "Chess.com"]
[Date "2024.01.16"]
[Round "1"]
[White "koncheto"]
[Black "seasidesunset"]
[Result "1-0"]
[WhiteElo "2585"]
[BlackElo "2233"]
[TimeControl "180+1"]
[EndTime "14:07:13 PST"]
[Termination "koncheto won by resignation"]

1. e4 e6 2. d4 d5 3. Nd2 c5 4. exd5 Qxd5 5. Ngf3 Nf6 6. Bc4 Qd8 7. O-O cxd4 8. Nb3 Nc6 9. Nbxd4 Nxd4 10. Nxd4 Bd6 11. h3 O-O 12. c3 a6 13. Qf3 Rb8 14. Bg5 Qc7 15. Bd3 Be7 16. Rad1 b5 17. Rfe1 Bb7 18.
Qe2 h6 19. Bh4 Nd5 20. Bg3 Bd6 21. Nxe6 fxe6 22. Qxe6+ Qf7 23. Bxd6 Qxe6 24. Rxe6 Nf4 25. Re5 Rbd8 26. Bxf8 Nxd3 27. Re3 Rxf8 28. Rdxd3 Rf6 29. Rd7 Bc6 30. Ra7 Rg6 31. Rg3 Rd6 32. Rgxg7+ Kh8 33. Rgc7 Rg6 34. Rc8+ Rg8 35. Rxc6 Rg6 36. Rxg6 1-0

[Event "Late-Titled-Tuesday-Blitz-January-16-2024"]
[Site "Chess.com"]
[Date "2024.01.16"]
[Round "1"]
[White "chegueps"]
[Black "sansanathalia"]
[Result "1-0"]
[WhiteElo "2693"]
[BlackElo "2368"]
[TimeControl "180+1"]
[EndTime "14:07:14 PST"]
[Termination "chegueps won by resignation"]

1. d4 Nf6 2. c4 e6 3. Nc3 d5 4. cxd5 Nxd5 5. Nf3 Nxc3 6. bxc3 c5 7. e3 cxd4 8. cxd4 Bb4+ 9. Bd2 Bxd2+ 10. Qxd2 O-O 11.
Bd3 Nd7 12. O-O b6 13. Be4 Rb8 14. Rac1 Nf6 15. Bb1 Bb7 16. Ne5 Qd5 17. f3 Rfd8 18.
Rfd1 g6 19. Rc7 Rbc8 20. Rxc8 Rxc8 21. Qb4 Rc7 22. e4 Qd8 23. Qd2 Kg7 24. Qf4 h6 25. h4 Nh7 26. d5 exd5 27. exd5 Bc8 28. d6 Rb7 29. d7 g5 30. Qf5 Nf6 31. hxg5 hxg5 32.
Qxg5+ Kf8 33. Qxf6 Qxf6 34. dxc8=Q+ Kg7 35. Qg4+ Kh8 1-0

[Event "Late-Titled-Tuesday-Blitz-January-16-2024"]
[Site "Chess.com"]
[Date "2024.01.16"]
[Round "1"]
[White "JM2005GM"]
[Black "DenizG123"]
[Result "1-0"]
[WhiteElo "2555"]
[BlackElo "2087"]
[TimeControl "180+1"]
[EndTime "14:07:14 PST"]
[Termination "JM2005GM won by resignation"]

1. e4 c5 2. Nf3 Nc6 3. d4 cxd4 4.
Nxd4 Nf6 5. Nc3 e5 6. Ndb5 d6 7. Bg5 a6 8. Na3 b5 9. Nd5 Be7 10. Bxf6 Bxf6 11. c4 b4 12. Nc2 Rb8 13. Qd3 O-O 14.
g3 g6 15. h4 Bg7 16. O-O-O b3 17. axb3 f5 18. Bg2 fxe4 19. Bxe4 Rxf2 20. h5 Qg5+ 21.
Kb1 Bg4 22. Rde1 Nd4 23. Nxd4 exd4 24. hxg6 Rd2 25. Qf1 hxg6 26. Bc2 d3 27. Ne7+ Qxe7 28. Rxe7 dxc2+ 29. Ka2 c1=Q 30. Rxg7+ Kxg7 31. Qxc1 Re2 32. Qc3+ Re5 33. Qd4 Rf8 34. Qxg4 Ra5+ 35. Kb1 1-0

[Event "Late-Titled-Tuesday-Blitz-January-16-2024"]
[Site "Chess.com"]
[Date "2024.01.16"]
[Round "1"]
[White "DeArron_Fox"]
[Black "GoltsevDmitry2000"]
[Result "1-0"]
[WhiteElo "2430"]
[BlackElo "2729"]
[TimeControl "180+1"]
[EndTime "14:07:17 PST"]
[Termination "DeArron_Fox won by checkmate"]

1. d4 e6 2. c4 Nf6 3. Nf3 Bb4+ 4. Bd2 Be7 5. g3 b6 6. Bg2 Ba6 7. b3 O-O 8. O-O d5 9. Bc3 Ne4 10. Bb2 c5 11. Nbd2 Nc6 12. Nxe4 dxe4 13. Ne5 Nxd4 14.
Bxe4 Rc8 15. e3 Nf5 16. Nc6 Qe8 17. Nxa7 Rc7 18. Nb5 Bxb5 19. cxb5 Qxb5 20. Qc2 c4 21. Bd3 Qd7 22. bxc4 Nd6 23. Bxh7+ Kh8 24. Bd3 b5 25. Qe2 f5 26. cxb5 Nf7 27. Rac1 Ra7 28. Bd4 Rb7 29. b6 Qd5 30. Bc4 Qd7 31. Qh5+ Kg8 32. Qg6 e5 33.
Bxe5 Rxb6 34. Qxg7# 1-0

[Event "Late-Titled-Tuesday-Blitz-January-16-2024"]
[Site "Chess.com"]
[Date "2024.01.16"]
[Round "1"]
[White "MyDream003"]
[Black "Levanzovsky"]
[Result "0-1"]
[WhiteElo "2854"]
[BlackElo "2482"]
[TimeControl "180+1"]
[EndTime "14:07:18 PST"]
[Termination "Levanzovsky won on time"]

1. Nf3 Nf6 2. b3 g6 3. Bb2 Bg7 4. e3 O-O 5. d4 b6 6. Be2 Bb7 7.
O-O d6 8. c4 Nbd7 9. Nc3 Ne4 10.
Qc2 Nxc3 11. Bxc3 e5 12. dxe5 Nxe5 13. Nd2 Qg5 14. e4 Qh4 15. f4 Ng4 16. Bxg4 Bxc3 17. Qxc3 Qxg4 18. Rae1 Rae8 19. h3 Qd7 20. f5 gxf5 21.
Rxf5 Qxf5 22. exf5 Rxe1+ 23. Nf1 Rfe8 24. Qg3+ Kf8 25. f6 R8e2 26. Qg7+ Ke8 27. Qg8+ Kd7 28. Qxf7+ Kd8 29. Qg8+ Kd7 30. f7 Rxg2+ 31. Qxg2 Bxg2 32. f8=Q Rxf1+ 33. Qxf1 Bxf1 34. Kxf1 Ke6 35. Kf2 Ke5 36. Kf3 c6 37. Ke3 d5 38. cxd5 cxd5 39. b4 b5 40. Kd3 d4 41. h4 h5 42. a3 Kd5 0-1

[Event "Late-Titled-Tuesday-Blitz-January-16-2024"]
[Site "Chess.com"]
[Date "2024.01.16"]
[Round "1"]
[White "Irishchessman16"]
[Black "ChristopherYoo"]
[Result "0-1"]
[WhiteElo "2511"]
[BlackElo "2982"]
[TimeControl "180+1"]
[EndTime "14:07:19 PST"]
[Termination "ChristopherYoo won by resignation"]

1. d4 Nf6 2. c4 e6 3. Nc3 d5 4. cxd5 exd5 5. Bg5 Be7 6. e3 Nbd7 7. Bd3 O-O 8. h3 c6 9. Bf4 Re8 10. Nf3 Nf8 11. O-O Bd6 12. Bxd6 Qxd6 13. Ne5 N6d7 14. Nf3 Ne6 15. e4 dxe4 16. Nxe4 Qf8 17. Re1 h6 18. Bc2 g6 19. d5 Nf4 20. dxc6 bxc6 21. Qd4 Qg7 22.
Rad1 Qxd4 23. Nxd4 c5 24. Nb5 Re5 25. Ned6 a6 26.
Rxe5 Nxe5 27. Nc7 Ra7 28. Nd5 Nxh3+ 29. gxh3 Bxh3 30. f4 Nf3+ 31. Kf2 Nd4 32. Be4 Kf8 33. b4 Ne6 34. a3 Rd7 35. Nc4 cxb4 36. axb4 Nxf4 37. Kg3 g5 38. Ne5 Rd6 39. Ne3 Re6 40.
Rd8+ Ke7 41. N3c4 Kxd8 42. Nxf7+ Ke7 0-1

[Event "Late-Titled-Tuesday-Blitz-January-16-2024"]
[Site "Chess.com"]
[Date "2024.01.16"]
[Round "1"]
[White "IraZyne"]
[Black "subham777"]
[Result "0-1"]
[WhiteElo "2255"]
[BlackElo "2603"]
[TimeControl "180+1"]
[EndTime "14:07:19 PST"]
[Termination "subham777 won by checkmate"]

1. e4 e6 2. d4 d5 3. exd5 exd5 4. Nf3 Nf6 5. Bd3 Bd6 6. O-O O-O 7. Bg5 h6 8. Bh4 c6 9. Nbd2 Re8 10. Re1 Rxe1+ 11. Qxe1 Nbd7 12. Ne5 Nf8 13. f4 Ne6 14. Qe3 Qb6 15.
Nb3 a5 16. a4 c5 17. dxc5 Nxc5 18. Nd4 Nxd3 19. Nxd3 Bd7 20. Bxf6 gxf6 21. c3 Re8 22. Qf3 Bf5 23. g3 Be4 24. Qd1 Bxd3 25. Qxd3 Qxb2 26. Rb1 Qa3 27. Rxb7 Qa2 28. Rb1 Bc5 29. Rf1 Re4 30. Rf2 Qxa4 31. Kg2 Bxd4 32. cxd4 Qxd4 33. Qa6 Qc5 34.
Qxf6 Re6 35. Qd8+ Kg7 36. Qd7 Qc6 37. Qd8 d4+ 38. Kh3 Rd6 39. f5 Rxd8 40. Rd2 Qf6 41.
g4 h5 42. Kg3 hxg4 43. Kxg4 d3 44. h4 Rd4+ 45. Kf3 Qxf5+ 46. Ke3 Qf4# 0-1

[Event "Late-Titled-Tuesday-Blitz-January-16-2024"]
[Site "Chess.com"]
[Date "2024.01.16"]
[Round "1"]
[White "wild3000"]
[Black "KNVB"]
[Result "0-1"]
[WhiteElo "2361"]
[BlackElo "2686"]
[TimeControl "180+1"]
[EndTime "14:07:20 PST"]
[Termination "KNVB won by checkmate"]

1. e4 b6 2. Nf3 Bb7 3. Nc3 e6 4. a3 g6 5. h4 h6 6. d4 Bg7 7. Bd3 d6 8. Ne2 Ne7 9. c3 a6 10. a4 c5 11. Be3 Nbc6 12. O-O cxd4 13. Nexd4 O-O 14. Qd2 Kh7 15. Rfe1 Ne5 16. Nxe5 dxe5 17.
Nf3 f5 18. Bc2 Qc7 19. Qe2 Ng8 20. Bc1 Rae8 21. Nd2 Nf6 22. Qc4 Qe7 23. Qb4 Qd8 24. Nc4 Nxe4 25. Qxb6 Qxh4 26. f3 Qxe1+ 27. Kh2 Qg3+ 28.
Kg1 Rb8 29. fxe4 Bxe4 30. Bxe4 Qe1+ 31. Kh2 Qh4+ 32. Kg1 Qe1+ 33. Kh2 Rxb6 34. Nxb6 Qh4+ 35. Kg1 Qe1+ 36. Kh2 Qh4+ 37. Kg1 Qxe4 38. a5 Qe1+ 39. Kh2 Qh4+ 40. Kg1 Qe1+ 41. Kh2 Rd8 42. b4 Qh4+ 43. Kg1 Qe1+ 44. Kh2 Qh4+ 45. Kg1 Rd1# 0-1

[Event "Late-Titled-Tuesday-Blitz-January-16-2024"]
[Site "Chess.com"]
[Date "2024.01.16"]
[Round "1"]
[White "TimGrutter03"]
[Black "Njal28"]
[Result "1-0"]
[WhiteElo "2532"]
[BlackElo "3017"]
[TimeControl "180+1"]
[EndTime "14:07:21 PST"]
[Termination "TimGrutter03 won by checkmate"]

1. Nf3 Nf6 2. c4 b6 3. g3 Bb7 4. Bg2 g6 5. O-O Bg7 6. Nc3 O-O 7. b3 e6 8. Bb2 d5 9. cxd5 exd5 10. d4 Nbd7 11. Ne5 Re8 12. Nxd7 Qxd7 13. Rc1 c6 14. e3 h5 15. Ne2 h4 16. Nf4 hxg3 17.
hxg3 Ne4 18. Bh3 Qd6 19. Nd3 Ba6 20. Bg2 Bh6 21. Re1 Nxg3 22. Ne5 Ne4 23. Rxc6 Qe7 24. Bxe4 dxe4 25. Qg4 Bg7 26. Rec1 Rf8 27. Rc7 Qd6 28.
R1c6 Qb4 29. Bc3 Qa3 30. Nxg6 Rfe8 31. Nf4 Qc1+ 32. Kh2 Qf1 33. Qg3 Be2 34. d5 Bg4 35. Qxg4 Qxf2+ 36. Ng2 f6 37. Qxg7# 1-0

[Event "Late-Titled-Tuesday-Blitz-January-16-2024"]
[Site "Chess.com"]
[Date "2024.01.16"]
[Round "1"]
[White "CamillaEffect"]
[Black "jjbolanos"]
[Result "1-0"]
[WhiteElo "2548"]
[BlackElo "2042"]
[TimeControl "180+1"]
[EndTime "14:07:21 PST"]
[Termination "CamillaEffect won by resignation"]

1. e4 c5 2. Nf3 e6 3. c3 Nf6 4. Bd3 d5 5. e5 Nfd7 6. Bc2 Nc6 7.
d4 Be7 8. h4 Qb6 9. a3 h6 10.
b4 cxd4 11. cxd4 Qc7 12. Bb2 Nb6 13. Nbd2 Bd7 14. Rc1 Rc8 15. Bb1 Qb8 16. Rh3 a6 17. Rg3 Kf8 18. h5 Na7 19. Rxc8+ Qxc8 20. Nh2 Ba4 21.
Qg4 Bg5 22. f4 f5 23. exf6 Bxf6 24. Nhf3 Nc4 25. Nxc4 dxc4 26. Ne5 Be8 27. f5 Nb5 28. a4 c3 29. Bc1 c2 30. Ba2 Nc3 31. Bxe6 Qc7 32. Qf4 Na2 33. Ng6+ Bxg6 34. Qxc7 Nxc1 35. hxg6 Nd3+ 36. Rxd3 Bh4+ 37. Ke2 1-0

[Event "Late-Titled-Tuesday-Blitz-January-16-2024"]
[Site "Chess.com"]
[Date "2024.01.16"]
[Round "1"]
[White "ahkashefi2800"]
[Black "OYAcosta"]
[Result "1-0"]
[WhiteElo "2557"]
[BlackElo "2124"]
[TimeControl "180+1"]
[EndTime "14:07:22 PST"]
[Termination "ahkashefi2800 won by resignation"]

1. d4 d5 2. c4 c6 3. Nc3 Nf6 4.
Nf3 a6 5. Bf4 Bf5 6. e3 e6 7.
Qb3 Ra7 8. c5 Nbd7 9. Be2 Be7 10. Na4 O-O 11. O-O Re8 12. h3 Bf8 13. Rfe1 h6 14.
Rac1 Ne4 15. Ne5 Nxe5 16. Bxe5 f6 17. Bh2 e5 18. f3 Ng5 19. Nb6 Kh8 20. Bd3 e4 21.
fxe4 Bxe4 22. Bf1 f5 23. Bf4 Qf6 24. Nd7 Qg6 25. Kh2 b5 26. Ne5 Qf6 27. Bd3 Nf7 28. Bxe4 dxe4 29. Rf1 g5 30. Nxf7+ Rxf7 31. Be5 Rxe5 32.
dxe5 Qxe5+ 33. Kh1 Rd7 34. Rfd1 Rd5 35. Rxd5 cxd5 36.
Qc3 Bg7 37. c6 Qc7 38. Qc5 f4 39. Qxd5 f3 40. Qxe4 fxg2+ 41. Kxg2 Qf7 1-0

[Event "Late-Titled-Tuesday-Blitz-January-16-2024"]
[Site "Chess.com"]
[Date "2024.01.16"]
[Round "1"]
[White "Polish_fighter3000"]
[Black "Sjakkerntobi"]
[Result "1-0"]
[WhiteElo "3095"]
[BlackElo "2523"]
[TimeControl "180+1"]
[EndTime "14:07:23 PST"]
[Termination "Polish_fighter3000 won by resignation"]

1. e4 e6 2. Nf3 d5 3. Nc3 d4 4. Ne2 c5 5. g3 Nc6 6. d3 Nf6 7. Bg2 Be7 8. O-O h5 9. a4 a6 10. Bd2 e5 11. a5 Nh7 12. h4 g5 13. hxg5 Nxg5 14. Nxg5 Bxg5 15. f4 Bh6 16. f5 Bxd2 17.
Qxd2 h4 18. g4 h3 19. Bf3 h2+ 20. Kh1 Qh4 21. Nc1 Bd7 22. Nb3 Qe7 23. Rf2 O-O-O 24. Rxh2 Rxh2+ 25. Qxh2 Qf6 26. Kg2 Rh8 27. Qg3 Qg5 28. Rh1 Rxh1 29. Kxh1 Nb4 30. Qxe5 Qe3 31. Qxc5+ Nc6 32. Kg2 Kb8 33. Qd6+ Kc8 34. Qg3 Nb4 35. Qf2 Qxf2+ 36. Kxf2 Nxc2 37. e5 Nb4 38. Be4 Bc6 39. Nxd4 Bxe4 40. dxe4 Nd3+ 41. Kg3 Nxe5 42. g5 Kd8 43. b3 Ke7 44. Kf4 Nd7 45. b4 f6 46.
gxf6+ Kxf6 47. Nf3 Nb8 48. Ne5 Ke7 49. Kg5 Kd6 50. Kf6 b5 51. axb6 a5 52. bxa5 Na6 53. Ng6 Nc5 54. e5+ Kc6 55. e6 Ne4+ 56. Ke5 Nc5 57.
Ne7+ Kb7 58. Nd5 Ka6 59. f6 Kxa5 60. f7 Nd3+ 61. Kd6 1-0

[Event "Late-Titled-Tuesday-Blitz-January-16-2024"]
[Site "Chess.com"]
[Date "2024.01.16"]
[Round "1"]
[White "BardArtem"]
[Black "m_ezat"]
[Result "1-0"]
[WhiteElo "2820"]
[BlackElo "2452"]
[TimeControl "180+1"]
[EndTime "14:07:23 PST"]
[Termination "BardArtem won by resignation"]

1. e4 e5 2. Nf3 Nc6 3. Bc4 Nf6 4.
d3 h6 5. Nc3 Bb4 6. O-O Bxc3 7.
bxc3 O-O 8. Re1 Re8 9. h3 Na5 10.
Bb3 Nxb3 11. axb3 d6 12. c4 Nh7 13. Be3 Nf8 14. d4 Ng6 15. Qd2 Qf6 16. Nh2 Nh4 17.
f3 Qg6 18. Kh1 f5 19. Qf2 Qf6 20. exf5 Nxf5 21. dxe5 dxe5 22. Ng4 Qg6 23. Bd2 Qd6 24. Bc3 Bd7 25. Rad1 Qe7 26. Rxe5 Qf7 27. Qc5 Ng3+ 28. Kh2 Qf4 29. Rxe8+ Rxe8 30. Be5 Qg5 31. Rxd7 Nf5 32. Qxc7 h5 33. Rxg7+ Nxg7 34. Nf6+ Kh8 35. Nxe8 h4 36. Qxg7+ Qxg7 37. Nxg7 Kg8 38. Nf5 a5 39. Nxh4 a4 40. bxa4 b5 41. axb5 1-0

[Event "Late-Titled-Tuesday-Blitz-January-16-2024"]
[Site "Chess.com"]
[Date "2024.01.16"]
[Round "1"]
[White "MasterofMasters2006"]
[Black "Squirlolz"]
[Result "1-0"]
[WhiteElo "2250"]
[BlackElo "2569"]
[TimeControl "180+1"]
[EndTime "14:07:23 PST"]
[Termination "MasterofMasters2006 won on time"]

1. d4 Nf6 2. c4 c5 3. d5 e6 4. Nc3 exd5 5. cxd5 d6 6. Nf3 g6 7. Bf4 Bg7 8. e3 O-O 9. h3 Na6 10. Be2 Rb8 11. O-O Re8 12. Nd2 Nc7 13. Nc4 Bf8 14. a4 a6 15. Nb6 Bf5 16. Qb3 Ne4 17. Bd3 Nd2 18. Qc2 Bxd3 19. Qxd3 Nxf1 20. Qxf1 Bg7 21. a5 Be5 22. Bxe5 Rxe5 23. Qc4 Qe8 24. Rd1 Nb5 25. Ne2 Re4 26. Qc2 Qe7 27. Ng3 Rb4 28. Nc4 Re8 29. h4 Qxh4 30. b3 h5 31. Rd3 Qg5 32. Nf1 h4 33. Qe2 Qf6 34. Nfd2 Nc7 35.
Qg4 Qf5 36. Qe2 Rd8 37. e4 Qf6 38. Qg4 Nb5 39. Rf3 Qa1+ 40. Kh2 Nd4 41. Rh3 Qa2 42.
Qxh4 1-0

[Event "Late-Titled-Tuesday-Blitz-January-16-2024"]
[Site "Chess.com"]
[Date "2024.01.16"]
[Round "1"]
[White "Arifarsky"]
[Black "DonJuan_34"]
[Result "1-0"]
[WhiteElo "2722"]
[BlackElo "2399"]
[TimeControl "180+1"]
[EndTime "14:07:25 PST"]
[Termination "Arifarsky won by checkmate"]

1. e4 e6 2. d4 d5 3. c3 dxe4 4. Nd2 Nf6 5. Qe2 c5 6. dxc5 Bxc5 7. Nxe4 Nxe4 8. Qxe4 Qd5 9. Bd3 Qxe4+ 10. Bxe4 Nc6 11.
Nf3 Bd7 12. Bf4 f6 13. b4 Be7 14. O-O-O e5 15. Be3 O-O-O 16. Kb2 f5 17. Bxc6 Bxc6 18. Nxe5 Bxg2 19. Rxd8+ Rxd8 20. Rg1 Bd5 21. Bxa7 Bf6 22. Bd4 Bxe5 23. Bxe5 g6 24. f4 b5 25. Re1 Re8 26.
a4 bxa4 27. c4 Be4 28. Ra1 Rd8 29. Bc3 Bd3 30. Rc1 Kb7 31. Rd1 Kc8 32. Rc1 Kb7 33. Be5 Rc8 34. Rd1 Bxc4 35. Rd7+ Kb6 36. Rxh7 Bb3 37. Bc3 Re8 38. Be5 Rc8 39. Bd4+ Kb5 40. Bc5 Re8 41. Kc3 Re2 42. Rb7+ Kc6 43. Rb6+ Kd5 44.
Rxg6 Rc2+ 45. Kd3 Rxh2 46. Rd6# 1-0

[Event "Late-Titled-Tuesday-Blitz-January-16-2024"]
[Site "Chess.com"]
[Date "2024.01.16"]
[Round "1"]
[White "Durarbayli"]
[Black "Machteldvf"]
[Result "1-0"]
[WhiteElo "2861"]
[BlackElo "2463"]
[TimeControl "180+1"]
[EndTime "14:07:28 PST"]
[Termination "Durarbayli won by resignation"]

1. c4 Nf6 2. Nc3 e5 3. g3 Nc6 4. Bg2 Be7 5. e3 O-O 6. Nge2 d6 7.
O-O Be6 8. Nd5 Bxd5 9. cxd5 Nb4 10. Qb3 a5 11. a3 Na6 12. Qxb7 Nc5 13. Qb5 Rb8 14. Qc4 Nb3 15. Rb1 Qd7 16. d4 Qf5 17. Nc3 exd4 18. exd4 Nxc1 19. Rfxc1 Ng4 20. Qe2 Bg5 21.
Be4 Qxf2+ 22. Qxf2 Nxf2 23. Kxf2 Bxc1 24. Rxc1 Rxb2+ 25. Ne2 Re8 26. Rxc7 Rxe2+ 27. Kxe2 Rxe4+ 28. Kd3 f5 29. Rd7 Re1 30. Rxd6 Ra1 31. Ra6 Rxa3+ 32. Kc4 Ra2 33.
d6 Kf7 34. Kd5 Ke8 35. Ra8+ Kd7 36. Ra7+ Kd8 37. h4 Rg2 38. Rxg7 f4 39. Rxh7 fxg3 40.
d7 Rd2 41. Kc6 Rxd4 42. Rh8+ Ke7 43. Re8+ Kf6 44. d8=Q+ Rxd8 45. Rxd8 Kf5 46. Rg8 1-0

[Event "Late-Titled-Tuesday-Blitz-January-16-2024"]
[Site "Chess.com"]
[Date "2024.01.16"]
[Round "1"]
[White "ThaBarWa"]
[Black "ChessicallyInclined"]
[Result "0-1"]
[WhiteElo "2400"]
[BlackElo "2723"]
[TimeControl "180+1"]
[EndTime "14:07:28 PST"]
[Termination "ChessicallyInclined won by resignation"]

1. e4 d6 2. d4 Nf6 3. f3 c5 4. d5 g6 5. c4 Bg7 6. Nc3 O-O 7. Bg5 a6 8. a4 h6 9. Be3 Qa5 10. Ra3 Nbd7 11. Nh3 Ne5 12. Nf2 Bd7 13. Be2 g5 14. O-O Ng6 15. Nd3 Ne8 16. Kh1 e5 17. Qd2 f5 18. exf5 Bxf5 19. Ne4 Qxd2 20. Nxd2 Nf4 21. Bxf4 exf4 22. Rb3 Rf7 23. Nf2 Bc2 24.
Rb6 Bxa4 25. b3 Bd7 26. Rxb7 Be5 27. Nd3 Bd4 28. Ne4 Bf5 29. Rxf7 Kxf7 30. Ndf2 Rb8 31.
Bd1 Bxf2 32. Nxf2 Nf6 33. Re1 a5 34. g3 Rb4 35. Kg2 a4 36. bxa4 Rxc4 37. g4 Bd7 38. Ne4 Nxe4 39. Rxe4 Rxe4 40. fxe4 Kf6 41. Kf3 Ke5 42. a5 Bb5 43. Be2 c4 44. Bf1 c3 45.
Bxb5 c2 46. a6 c1=Q 0-1

[Event "Late-Titled-Tuesday-Blitz-January-16-2024"]
[Site "Chess.com"]
[Date "2024.01.16"]
[Round "1"]
[White "dosto07"]
[Black "APOKALIPSA13"]
[Result "0-1"]
[WhiteElo "2542"]
[BlackElo "2155"]
[TimeControl "180+1"]
[EndTime "14:07:28 PST"]
[Termination "APOKALIPSA13 won by checkmate"]

1. e4 e5 2. Nf3 d5 3. exd5 e4 4. Ne5 Qxd5 5. d4 exd3 6. Nxd3 Nf6 7. Nc3 Qc6 8. Bf4 a6 9. Qe2+ Be6 10. O-O-O Bd6 11.
Bxd6 cxd6 12. Nf4 Qd7 13. Re1 O-O 14. g3 Re8 15. Qd2 Nc6 16. Nxe6 Rxe6 17. Rxe6 fxe6 18. Bh3 Re8 19. Re1 d5 20. f4 Qf7 21. Qe2 Nd4 22.
Qd3 Nc6 23. Qf3 h6 24. Ne2 b5 25. Qe3 Ne4 26. Bg2 Nd6 27. Nd4 Nc4 28. Qd3 Nxd4 29. Qxd4 Rc8 30. Kb1 Qf5 31. Re2 Kh8 32. Qd3 Qf6 33. c3 b4 34. Qd4 Qf5+ 35. Ka1 bxc3 36. bxc3 Rb8 37. Re1 Qc2 38. Rb1 Qxb1# 0-1

[Event "Late-Titled-Tuesday-Blitz-January-16-2024"]
[Site "Chess.com"]
[Date "2024.01.16"]
[Round "1"]
[White "cthulhuuu"]
[Black "Lennis93"]
[Result "1-0"]
[WhiteElo "2435"]
[BlackElo "2734"]
[TimeControl "180+1"]
[EndTime "14:07:29 PST"]
[Termination "cthulhuuu won by checkmate"]

1. e4 c5 2. Nf3 Nc6 3. g3 g6 4.
Bg2 Bg7 5. O-O e6 6. d3 Nge7 7. Re1 d6 8. c3 b5 9. e5 Rb8 10.
exd6 Qxd6 11. Bf4 e5 12. Nxe5 Nxe5 13. d4 cxd4 14. cxd4 O-O 15. Bxe5 Bxe5 16. dxe5 Qb4 17. Qd2 Qc5 18. Nc3 Bb7 19. Qd6 Qxd6 20. exd6 Nf5 21. Rad1 Rfd8 22. d7 Bxg2 23. Kxg2 Kg7 24. g4 Nh4+ 25. Kg3 g5 26. Ne4 h6 27. b4 Ng6 28.
Nd6 Nf8 29. Re8 Nxd7 30. Rxd8 Rxd8 31. Nb7 Rc8 32. Rxd7 Rc3+ 33. f3 Ra3 34. Nd6 Rxa2 35.
Nxf7 Ra4 36. Nd6+ Kf6 37. Nxb5 a6 38. Nc3 Rxb4 39. Nd5+ Ke6 40. Nxb4 Kxd7 41. Nxa6 Ke6 42. Nb4 Kd6 43. Nc2 Ke5 44. Ne3 Kd4 45. Nf5+ Ke5 46. Nxh6 Kf6 47. Nf5 Kg6 48. f4 Kf6 49. fxg5+ Kxg5 50. h4+ Kf6 51. Kf4 Kg6 52. h5+ Kh7 53.
g5 Kg8 54. g6 Kh8 55. Kg5 Kg8 56. h6 Kf8 57. Kf6 Kg8 58. Ne7+ Kf8 59. g7+ Ke8 60. g8=Q+ Kd7 61. Qc8+ Kd6 62. Qc6# 1-0

[Event "Late-Titled-Tuesday-Blitz-January-16-2024"]
[Site "Chess.com"]
[Date "2024.01.16"]
[Round "1"]
[White "Airquake"]
[Black "NikoTheodorou"]
[Result "0-1"]
[WhiteElo "2522"]
[BlackElo "3075"]
[TimeControl "180+1"]
[EndTime "14:07:30 PST"]
[Termination "NikoTheodorou won on time"]

1. e4 b6 2. d4 Bb7 3. Nc3 d6 4. Nf3 Nd7 5. Bc4 e6 6. O-O g6 7. Bg5 Ne7 8. Qd2 h6 9. Be3 Bg7 10. Rae1 a6 11. a3 Nf6 12. e5 Nfd5 13. exd6 cxd6 14. Nxd5 Nxd5 15. c3 g5 16. h3 O-O 17. Qe2 Qd7 18. Ba2 b5 19. Bd2 Rae8 20.
Bb1 f5 21. Ba2 Qf7 22. Bxg5 hxg5 23. Nxg5 Qg6 24. Nxe6 Rf6 25. Qf3 Rfxe6 26. Bxd5 Bxd5 27. Qxd5 Kh7 28. Rxe6 Qxe6 29. Qf3 Qg6 30. a4 b4 31. Qc6 Re2 32. cxb4 Rxb2 33. Qc4 f4 34. Re1 f3 35. g3 Rb1 36. Rxb1 Qxb1+ 37. Kh2 Qe4 38. Qf7 Kh6 39. g4 Bxd4 40. Qh5+ Kg7 41. Qg5+ Kf7 42.
Qh5+ Ke7 43. Qg5+ Ke6 44. Qg8+ Ke7 45. Qg5+ Bf6 46. Qd2 Qe2 0-1

[Event "Late-Titled-Tuesday-Blitz-January-16-2024"]
[Site "Chess.com"]
[Date "2024.01.16"]
[Round "1"]
[White "treadstone_71"]
[Black "HalfIsCrayfish"]
[Result "1/2-1/2"]
[WhiteElo "2276"]
[BlackElo "2607"]
[TimeControl "180+1"]
[EndTime "14:07:32 PST"]
[Termination "Game drawn by repetition"]

1. e4 c5 2. Nf3 Nc6 3. d4 cxd4 4. Nxd4 Nf6 5. Nc3 e5 6. Ndb5 d6 7. Bg5 a6 8. Na3 b5 9. Bxf6 gxf6 10. Nd5 f5 11. c3 Bg7 12. exf5 Bxf5 13. Nc2 O-O 14. Nce3 Be6 15. Bd3 f5 16. O-O Ne7 17. Nxe7+ Qxe7 18. Bxf5 Kh8 19. Bxe6 Qxe6 20. Qd5 Qg6 21.
Rad1 Rad8 22. g3 Bh6 23. Qd3 Qh5 24. Qe4 Qe2 25. Qg4 Qxb2 26. Nf5 Rf6 27. Nxh6 Rdf8 28. Qh3 Rxf2 29. Ng4 R2f3 30. Rxf3 Rxf3 31. Rf1 Qe2 32. Rxf3 Qxf3 33. Nf2 Qxc3 34. Qe6 Qc1+ 35. Kg2 Qc6+ 36. Kg1 Kg7 37. Qe7+ Kg8 38. Qe6+ Kg7 39. Ng4 Qc1+ 40.
Kg2 Qd2+ 41. Kh3 Qg5 42. Qxd6 Qh5+ 43. Kg2 Qxg4 44. Qxe5+ Kg8 45. Qd5+ Kg7 46. Qb7+ Kg8 47. Qxa6 Qe2+ 48. Kh3 Qh5+ 49. Kg2 Qe2+ 50. Kh3 Qh5+ 51.
Kg2 Qd5+ 52. Kh3 Qf5+ 53. Kg2 Qe4+ 54. Kh3 Qd3 55. Qe6+ Kf8 56. Qf6+ Kg8 57. Qe6+ Kf8 58. Qf6+ Kg8 59. Qe6+ 1/2-1/2